 Dungeon Crawl Stone Soup version 0.26-a0-651-gb411850 (webtiles) character file.

Game seed: 8097134522060419112

105 Dorkslayer the Shield-Bearer (level 4, -2/29 HPs)
             Began as a Gargoyle Fighter on Sept 28, 2020.
             Slain by Grinder (4 damage)
             ... while paralysed by Grinder
             ... on level 3 of the Dungeon.
             The game lasted 00:07:56 (1934 turns).

Dorkslayer the Shield-Bearer (Gargoyle Fighter)     Turns: 1934, Time: 00:07:56

Health: -2/29      AC: 10    Str: 21    XL:     4   Next: 83%
Magic:  4/4        EV:  2    Int:  8    God:
Gold:   80         SH:  0    Dex: 15    Spells: 3/3 levels left

rFire    . . .     SeeInvis .   a - +0 long sword
rCold    . . .     Faith    .   c - +0 kite shield
rNeg     + . .     Spirit   .   b - +0 scale mail
rPois    ∞         Reflect  .   (no helmet)
rElec    +         Harm     .   (no cloak)
rCorr    .         Rampage  .   (no gloves)
MR       .....                  (no boots)
Stlth    +.........             (no amulet)
HPRegen  0.09/turn              e - +6 ring of dexterity
MPRegen  0.09/turn              k - ring of stealth

@: paralysed, mighty
A: negative energy resistance 1, electricity resistance, unbreathing,
petrification resistance, rot immunity, AC +3
a: no special abilities


You were on level 3 of the Dungeon.
You visited 1 branch of the dungeon, and saw 3 of its levels.

You collected 80 gold pieces.

Inventory:

Hand Weapons
 a - a +0 long sword (weapon)
Armour
 b - a +0 scale mail (worn)
 c - a +0 kite shield (worn)
Jewellery
 e - a +6 ring of dexterity (left hand)
 k - a ring of stealth (right hand)
 l - an uncursed ring of flight
 m - a cursed -4 ring of slaying {unknown}
Scrolls
 g - 2 scrolls of remove curse
Potions
 f - a potion of flight {unknown}
 i - a potion of haste
 j - a potion of curing


   Skills:
 * Level 3.7 Fighting
 + Level 3.0 Long Blades
 + Level 3.9 Armour
 + Level 0.2 Dodging
 + Level 3.9 Shields
 * Level 0.4 Evocations


You had 3 spell levels left.
You didn't know any spells.
Your spell library was empty.

Dungeon Overview and Level Annotations

Branches:
Dungeon (3/15)

Altars:
Sif Muna

Annotations:
D:3 Grinder


Innate Abilities, Weirdness & Mutations

You are resistant to torment.
Your stone body is resilient. (AC +3)
You are immune to poison.
You resist negative energy. (rN+)
You are resistant to electric shocks. (rElec)
You can survive without breathing.
You are immune to petrification.
You are immune to rotting.


Message History

You slash Grinder!
Grinder is severely wounded.
Grinder gestures at you. Pain shoots through your body!
You completely miss Grinder.
Grinder is severely wounded.
Grinder gestures at you.
You suddenly lose the ability to move!
Grinder gestures at you. Pain shoots through your body!
Grinder hits you but does no damage. Grinder hits you. Grinder hits you.
* * * LOW HITPOINT WARNING * * *
You writhe in agony.
* * * LOW HITPOINT WARNING * * *
Grinder hits you.
* * * LOW HITPOINT WARNING * * *
Grinder hits you.
You die...

........#
#.###.#.# #.
#.#.# #
#.#.#########
#...........#
#.#.#######.#
.....# #.#
#.....#
#.#######
.......#
#(@5(((.#
#####.###
#(#####.# #.
#.# #. #.#
#.. #(# #(#
#(.


You could see Grinder.

Vanquished Creatures
  A hound (D:3)
  2 adders (D:2)
  2 oozes
  2 worms (D:2)
  2 dart slugs
  A leopard gecko (D:3)
  A ball python (D:2)
  4 bats
  5 giant cockroaches
  5 goblins
  2 hobgoblins (D:3)
  A quokka (D:2)
  6 frilled lizards
  4 kobolds
  5 rats
43 creatures vanquished.

Notes
Turn   | Place    | Note
-------+----------+-------------------------------------------
     0 | D:1      | Dorkslayer the Gargoyle Fighter began the quest for the
                  | Orb.
     0 | D:1      | Reached XP level 1. HP: 14/14 MP: 1/1
   169 | D:1      | Reached XP level 2. HP: 19/19 MP: 2/2
   408 | D:1      | You fall into a shaft and drop 1 floor!
   666 | D:2      | Reached XP level 3. HP: 23/23 MP: 3/3
   705 | D:2      | Found a shimmering blue altar of Sif Muna.
   719 | D:2      | Found a faded altar of an unknown god.
  1267 | D:2      | Reached XP level 4. HP: 29/29 MP: 4/4
  1908 | D:3      | Noticed Grinder
  1914 | D:3      | Paralysed by Grinder for 3 turns
  1929 | D:3      | Paralysed by Grinder for 7 turns
  1934 | D:3      | Slain by Grinder

Illustrated notes

Levels and vault maps discovered:
D:1:      lightli_arrival_windingriver, layout_rooms
D:2:      layout_basic, lemuel_blue_sif_altar, chequers_ecumenical_altar_simple
D:3:      layout_loops_corners, kennysheep_small_spiral, uniq_grinder,
          uniq_jessica

Skill      XL: |  1  2  3  4 |
---------------+-------------+-----
Long Blades    | 2 3 |  3.0
Fighting       | |  3.7
Armour         | |  3.9
Dodging        | |  0.2
Shields        | |  3.9
Evocations     | |  0.4

Action                   |  1- 3 |  4- 6 || total
-------------------------+-------+-------++-------
Melee: Long sword        |   112 |    40 ||   152
Throw: Dart              |       |    10 ||    10
  Use: Scroll            |     3 |       ||     3
       Potion            |     2 |     1 ||     3
Armor: Scale mail        |    54 |    22 ||    76
Dodge: Dodged            |    22 |     8 ||    30
Block: Kite shield       |    48 |    15 ||    63
       Rpst.: Long sword |     6 |     2 ||     8

Table legend: (Time is in decaauts)
 A = Elapsed time spent in this place.
 B = Non-inter-level travel time spent in this place.
 C = Inter-level travel time spent in this place.
 D = Time resting spent in this place.
 E = Time spent auto-exploring this place.
 F = Levels seen in this place.
 G = Mean time per level.
                   A        B        C        D        E       F      G
               +--------+--------+--------+--------+--------+-----+--------+
         Total |   1972 |   1972 |      0 |    119 |    364 |   3 |  657.3 |
       Dungeon |   1972 |   1972 |      0 |    119 |    364 |   3 |  657.3 |
               +--------+--------+--------+--------+--------+-----+--------+

Top non-repeatable levels by time:
     D:2: 963 daAuts
     D:1: 665 daAuts
     D:3: 344 daAuts
